 Dungeon Crawl Stone Soup version 0.31-a0-1025-g2e47921a08 (webtiles) character file.

Game seed: 6394431968373482614

1261 HoaS the Skirmisher (level 8, -3/60 HPs)
             Began as a Demigod Hunter on Oct 18, 2023.
             Slain by Duvessa
             ... wielding a +2 rapier of protection
              (11 damage)
             ... on level 4 of the Dungeon on Nov 17, 2023.
             The game lasted 00:16:24 (3396 turns).

HoaS the Skirmisher (Demigod Hunter)                Turns: 3396, Time: 00:16:25

Health: -3/60      AC:  6    Str: 12    XL:     8   Next: 6%
Magic:  10/10      EV: 12    Int: 11    God:
Gold:   180        SH:  0    Dex: 25    Spells: 7/7 levels left

rFire   . . .        a - +0 shortbow
rCold   . . .        (shield currently unavailable)
rNeg    . . .        f - +1 troll leather armour {Pargi}
rPois   .            g - +1 helmet
rElec   .            (no cloak)
rCorr   .            (no gloves)
SInv    .            (no boots)
Will    .....        (no amulet)
Stlth   ++           (no ring)
HPRegen 1.10/turn    (no ring)
MPRegen 0.12/turn

%: no passive effects
@: no status effects
A: high MP 1, forlorn, divine attributes
a: no special abilities


You were on level 4 of the Dungeon.
You visited 1 branch of the dungeon, and saw 7 of its levels.

You collected 180 gold pieces.

Inventory:

Hand Weapons
 a - a +0 shortbow (weapon)
Armour
 f - a +1 troll leather armour (worn) {Pargi}
 g - a +1 helmet (worn)
Scrolls
 b - a scroll of butterflies
 c - a scroll of poison {unknown}
 h - 3 scrolls of torment
Potions
 d - 2 potions of curing
 e - 2 potions of mutation
 i - a potion of brilliance {unknown}
 j - a potion of heal wounds {unknown}


   Skills:
 - Level 1.7 Fighting
 + Level 9.9 Ranged Weapons
 - Level 1.7 Dodging
 - Level 0.8 Stealth


You had 7 spell levels left.
You didn't know any spells.
Your spell library contained the following spells:

 Spells                   Type           Power      Damage    Failure   Level
 Magic Dart               Conj           0%         1d3       41%         1
 Call Imp                 Summ           0%         N/A       56%         2
 Lesser Beckoning         Tloc           0%         N/A       56%         2
 Momentum Strike          Conj/Tloc      0%         3d8       56%         2
 Mephitic Cloud           Conj/Pois/Air  0%         N/A       80%         3
 Cause Fear               Hex            0%         N/A       99%         4
 Fireball                 Conj/Fire      0%         3d3       100%        5
 Summon Cactus Giant      Summ           0%         N/A       100%        6
 Summon Horrible Things   Summ           0%         N/A       100%        8
 Dragon's Call            Summ           0%         N/A       100%        9


Dungeon Overview and Level Annotations

Branches:
Dungeon (7/15)             Temple (0/1) D:7

Annotations:
D:4 Duvessa


Innate Abilities, Weirdness & Mutations

You have an increased reservoir of magic. (+10% MP)
You shall have no god before yourself.
Your divine heritage dramatically boosts your attributes as you level up.


Message History

The arrow hits Dowan but does no damage.
Dowan barely misses you.
You shoot an arrow. The arrow hits Dowan!
Dowan is heavily wounded.
Dowan misses you.
You shoot an arrow.
The arrow hits Dowan but does no damage.
Dowan is heavily wounded.
Dowan barely misses you.
You shoot an arrow. The arrow hits Dowan.
Dowan is severely wounded.
Dowan hits you with a +1 dagger of protection.
You shoot an arrow. The arrow closely misses Dowan.
The arrow closely misses Duvessa.
Dowan says, "Stay away from my face!"
Dowan hits you with a +1 dagger of protection.
You shoot an arrow. The arrow barely misses Dowan.
The arrow hits Duvessa but does no damage.
Duvessa is lightly wounded.
Dowan hits you but does no damage.
You shoot an arrow. The arrow hits Dowan!
You kill Dowan!
Duvessa screams, "No!
How DARE you!"
Duvessa goes berserk!
You shoot an arrow. The arrow closely misses Duvessa.
Duvessa hits you with a +2 rapier of protection.
Duvessa hits you with a +2 rapier of protection!
You shoot an arrow. The arrow barely misses Duvessa.
Duvessa hits you with a +2 rapier of protection!
You shoot an arrow. The arrow hits Duvessa.
Duvessa is lightly wounded.
Duvessa hits you with a +2 rapier of protection!
* * * LOW HITPOINT WARNING * * *
You shoot an arrow.
The arrow hits Duvessa but does no damage.
Duvessa is lightly wounded.
Duvessa hits you with a +2 rapier of protection!
* * * LOW HITPOINT WARNING * * *
Duvessa hits you with a +2 rapier of protection!
You die...

.##.#.####
.........# ....
.)......# #..
##......# #..
##>.....# #..
##......+ #.#
........# #.#
.†.##'###### #e#
.†.#.......#####@#.#
...#...............#
##.#.......#########
#.#.......#
#.#.......#
#.#.......#
#.#.......#
#.######### ..#


You could see Duvessa (berserk).

Vanquished Creatures
  Menkaure (D:4)
  Pargi (D:3)
  An ice beast (D:7)
  An ogre (D:5)
  2 black bears
  A scorpion (D:4)
  Dowan (D:4)
  6 killer bees (D:7)
  A hound (D:7)
  3 orc priests
  Jessica (D:3)
  An iguana (D:4)
  An orc wizard (D:3)
  4 adders
  4 worms
  3 dart slugs
  5 orcs
  9 ball pythons
  3 bats
  6 endoplasms
  5 giant cockroaches
  3 goblins (D:1)
  4 hobgoblins
  A jackal (D:5)
  7 kobolds
  2 quokkas (D:2)
  3 frilled lizards
  3 rats
83 creatures vanquished.

Notes
Turn   | Place    | Note
-------+----------+-------------------------------------------
     0 | D:1      | HoaS the Demigod Hunter began the quest for the Orb.
     0 | D:1      | Reached XP level 1. HP: 17/17 MP: 3/3
    81 | D:1      | Reached skill level 4 in Ranged Weapons
   111 | D:1      | Reached XP level 2. HP: 24/24 MP: 4/4
   147 | D:1      | Upgraded the game from 0.31-a0-925-g0a390f2509 to
                  | 0.31-a0-1009-g454b1f1e0a
   477 | D:1      | Upgraded the game from 0.31-a0-1009-g454b1f1e0a to
                  | 0.31-a0-1010-g5322dac6a2
   826 | D:2      | Reached XP level 3. HP: 29/29 MP: 5/5
  1414 | D:3      | Reached skill level 5 in Ranged Weapons
  1504 | D:2      | Reached XP level 4. HP: 36/36 MP: 6/6
  1716 | D:3      | Noticed Pargi
  1753 | D:3      | Killed Pargi
  1754 | D:3      | Reached skill level 6 in Ranged Weapons
  1754 | D:3      | Reached XP level 5. HP: 25/41 MP: 7/7
  1993 | D:3      | Noticed Jessica
  1994 | D:3      | Killed Jessica
  2262 | D:4      | Noticed Menkaure
  2311 | D:4      | Upgraded the game from 0.31-a0-1010-g5322dac6a2 to
                  | 0.31-a0-1025-g2e47921a08
  2446 | D:3      | Reached XP level 6. HP: 48/48 MP: 8/8
  2618 | D:4      | Reached skill level 7 in Ranged Weapons
  2689 | D:4      | You fall into a shaft and drop 3 floors!
  2689 | D:5      | Identified the "Piav Lic"
  2860 | D:7      | Found a staircase to the Ecumenical Temple.
  2948 | D:7      | Reached skill level 8 in Ranged Weapons
  2948 | D:7      | Reached XP level 7. HP: 24/53 MP: 9/9
  3101 | D:6      | Reached skill level 9 in Ranged Weapons
  3110 | D:5      | Entered Level 5 of the Dungeon
  3319 | D:4      | Killed Menkaure
  3337 | D:4      | Reached XP level 8. HP: 44/60 MP: 10/10
  3375 | D:4      | Noticed Dowan
  3376 | D:4      | Noticed Duvessa
  3392 | D:4      | Killed Dowan
  3396 | D:4      | Slain by Duvessa

Illustrated notes

Levels and vault maps discovered:
D:1:      dpeg_arrival_simpleton_c, layout_rooms,
          shapermc_ecumenical_altar_acropolis, nicolae_twisty_statue_hallways
D:2:      layout_basic, amcnicky_mini_rare_corridor_liquid
D:3:      layout_loops_ring, uniq_pargi, uniq_jessica
D:4:      layout_basic, uniq_menkaure, uniq_grinder, uniq_duvessa,
          uniq_eustachio
D:5:      minmay_skewed_foursquare, layout_gridville, minmay_misc_feat_x,
          serial_bayou_lagoon_a, minmay_misc_feat_pillars
D:6:      layout_rooms
D:7:      layout_loops_cross, nicolae_sif_muna_condensation,
          minmay_temple_entry_fiery, nicolae_ossuary_entry_ruins,
          small_statue_intersection

Skill      XL: |  1  2  3  4  5  6  7 |
---------------+----------------------+-----
Ranged Weapons | 4 5 6 8 9 |  9.9
Fighting       | |  1.7
Dodging        | |  1.7
Stealth        | |  0.8

Action                     |  1- 3 |  4- 6 |  7- 9 || total
---------------------------+-------+-------+-------++-------
  Melee: Unarmed           |       |    49 |     5 ||    54
   Fire: Shortbow          |    92 |   108 |    86 ||   286
    Use: Scroll            |     7 |     5 |     2 ||    14
         Potion            |       |     3 |       ||     3
 Armour: Leather armour    |    12 |     3 |       ||    15
         Skin              |       |   116 |     8 ||   124
         Troll leather arm |       |    41 |    36 ||    77
  Dodge: Dodged            |    16 |    45 |    19 ||    80

Table legend: (Time is in decaauts)
 A = Elapsed time spent in this place.
 B = Non-inter-level travel time spent in this place.
 C = Inter-level travel time spent in this place.
 D = Time resting spent in this place.
 E = Time spent auto-exploring this place.
 F = Levels seen in this place.
 G = Mean time per level.
                   A        B        C        D        E       F      G
               +--------+--------+--------+--------+--------+-----+--------+
         Total |   3428 |   3316 |    112 |    439 |   2228 |   7 |  489.7 |
       Dungeon |   3428 |   3316 |    112 |    439 |   2228 |   7 |  489.7 |
               +--------+--------+--------+--------+--------+-----+--------+

Top non-repeatable levels by time:
     D:3: 1032 daAuts
     D:2: 924 daAuts
     D:1: 501 daAuts
     D:7: 405 daAuts
     D:4: 401 daAuts
     D:5: 147 daAuts
     D:6: 15 daAuts
